LOS ANGELES vs MINNESOTA

Created - April-01-21 at 14:53

Goals
1 2 3 T
LOS ANGELES 0 1 0 1
MINNESOTA 0 0 0 0
Shots
1 2 3 T
LOS ANGELES 10 18 9 37
MINNESOTA 6 10 2 18

1st period

No Goal

Penalties :
No Penalty

2nd period

1. LOS ANGELES , Matthew Tkachuk 12 (Ryan McDonagh 18, Mika Zibanejad 32) at 0:17 (PP)

Penalties :
Mark Giordano (MIN) for Hooking (Minor) at 0:03, Andrei Vasilevskiy (MIN) for Slashing (Minor) at 1:10 - Torey Krug served the penalty., Mike Hoffman (LOS) for Tripping (Minor) at 4:08

3rd period

No Goal

Penalties :
Oliver Ekman-Larsson (MIN) for Holding (Minor) at 2:33, Oliver Ekman-Larsson (MIN) for Hooking (Minor) at 9:25, Mark Giordano (MIN) for Holding (Minor) at 13:58, Oliver Ekman-Larsson (MIN) for Hooking (Minor) at 18:48

Goalie Stats

Antti Raanta (LOS), 18 saves from 18 shots - (1.000), W, 27-15-3, 60:00 minutes
Andrei Vasilevskiy (MIN), 36 saves from 37 shots - (0.973), L, 21-12-2, 60:00 minutes

Players Stats for LOS ANGELES

Player Name              G  A  P  +/- PIM S  H  SB GA TA FO     MP     PP MP  PK MP  
------------------------------------------------------------------------------------
Alex Goligoski           0  0  0   0  0   0  0  1  0  0  0/0    19:55   4:52   1:00 
Artem Anisimov           0  0  0   0  0   1  0  0  0  0  0/1    12:42   0:00   0:00 
Gabriel Bourque          0  0  0   0  0   0  0  0  0  0  0/1     6:52   0:00   0:00 
Johnny Boychuk           0  0  0   0  0   0  0  1  0  0  0/0    15:25   0:00   0:00 
Jonathan Toews           0  0  0   0  0   2  2  0  0  0  16/25  19:51   4:45   1:39 
Josh Manson              0  0  0   0  0   0  1  3  0  0  0/0    15:25   0:00   0:00 
Kris Letang              0  0  0   0  0   4  2  3  0  0  0/0    24:40   4:29   0:59 
Matthew Tkachuk          1  0  1   0  0   6  5  0  0  0  2/3    20:35   4:36   0:20 
Mika Zibanejad           0  1  1   0  0   3  0  0  0  0  14/29  21:54   4:36   1:39 
Mike Hoffman             0  0  0   0  2   2  0  0  0  0  0/0    18:11   4:45   0:00 
Nick Bonino              0  0  0   0  0   4  0  0  0  0  1/2    18:12   4:45   0:00 
Nick Cousins             0  0  0   0  0   0  0  0  0  0  4/5     6:52   0:00   0:00 
Riley Nash               0  0  0   0  0   0  0  0  0  0  1/1     6:52   0:00   0:00 
Ryan McDonagh            0  1  1   0  0   2  1  2  0  0  0/0    24:40   4:29   0:59 
Travis Zajac             0  0  0   0  0   2  1  0  0  0  5/9    12:42   0:00   0:00 
Tyler Seguin             0  0  0   0  0   6  0  0  0  0  0/0    20:35   4:36   0:20 
Vladislav Namestnikov    0  0  0   0  0   2  0  0  0  0  0/0    12:42   0:00   0:00 
Zdeno Chara              0  0  0   0  0   3  1  1  0  0  0/0    19:55   4:52   1:00 

Players Stats for MINNESOTA

Player Name              G  A  P  +/- PIM S  H  SB GA TA FO     MP     PP MP  PK MP  
------------------------------------------------------------------------------------
Brett Kulak              0  0  0   0  0   0  5  0  0  0  0/0    16:48   0:00   4:05 
Colin White              0  0  0   0  0   0  3  0  0  0  0/8     9:44   0:00   0:00 
Dominik Kahun            0  0  0   0  0   0  0  0  0  0  1/1    10:13   0:00   0:29 
Erik Karlsson            0  0  0   0  0   1  1  0  0  0  0/0    23:26   1:00   5:50 
Johan Larsson            0  0  0   0  0   1  1  0  0  0  9/19   12:14   0:00   5:56 
John Tavares             0  0  0   0  0   1  4  0  0  0  15/25  18:41   0:48   0:00 
Kyle Connor              0  0  0   0  0   1  0  1  0  0  0/0    18:41   0:48   0:00 
Mark Giordano            0  0  0   0  4   1  0  0  0  0  0/0    24:57   1:00   4:07 
Mats Zuccarello          0  0  0   0  0   1  0  0  0  0  1/2    18:08   0:48   2:35 
Matt Calvert             0  0  0   0  0   0  1  0  0  0  0/1    12:14   0:00   5:56 
Nikita Kucherov          0  0  0   0  0   4  2  0  0  0  0/1    18:52   0:59   0:00 
Niklas Hjalmarsson       0  0  0   0  0   1  0  4  0  0  0/0    19:58   0:00   3:53 
Oliver Ekman-Larsson     0  0  0   0  6   0  1  1  0  0  0/0    16:44   0:00   0:42 
Tanner Pearson           0  0  0   0  0   1  2  0  0  0  0/1    10:55   1:11   0:00 
Tomas Hertl              0  0  0   0  0   3  1  0  0  0  5/16   18:52   1:11   2:56 
Torey Krug               0  0  0   0  0   2  1  1  0  0  0/0    17:03   0:59   0:05 
William Carrier          0  0  0   0  0   0  2  0  0  0  1/1     7:08   0:00   0:50 
Zach Hyman               0  0  0   0  0   1  1  1  0  0  1/1    15:56   1:11   0:00 

3 Stars

1 - Andrei Vasilevskiy (MIN)
2 - Antti Raanta (LOS)
3 - Matthew Tkachuk (LOS)

Power Play

LOS ANGELES - 1 on 6 Attempt(s) - 16.67%
MINNESOTA - 0 on 1 Attempt(s) - 0.00%

Penalty Kill

LOS ANGELES - 1 on 1 Attempt(s) - 100.00% - Score 0 goal in Penalty Kill
MINNESOTA - 5 on 6 Attempt(s) - 83.33% - Score 0 goal in Penalty Kill

Team Stat

LOS ANGELES - Hits : 13 - Faceoff Wins : 43 - Blocked Shots : 11 - Penalty Minutes : 2
MINNESOTA - Hits : 25 - Faceoff Wins : 33 - Blocked Shots : 8 - Penalty Minutes : 12

Official

Referees : Jonathan Junk Googoo and Adam Buckingham
Linesman : Derek Nansen and Ian Bussieres

Game Notes

No Game Note

Finance

Level 1 -- Attendance: 4018 (66.97%) -- Ticket Income $401,800
Level 2 -- Attendance: 3723 (74.46%) -- Ticket Income $223,380
Level 3 -- Attendance: 2000 (100.00%) -- Ticket Income $70,000
Level 4 -- Attendance: 4000 (100.00%) -- Ticket Income $80,000
Luxury Box -- Attendance: 787 (78.70%) -- Ticket Income $157,400
Game was played at the Xcel Energy Center.
Total Attendance: 14528 (80.71%)
Total Ticket Income: $932,580
Total Income: $932,580

LOS ANGELES

5 vs 5 Forward 
   Center                   Left Wing                Right Wing               Time % Phy DF OF 
 1 Mika Zibanejad           Matthew Tkachuk          Tyler Seguin             40     1   2  2  
 2 Jonathan Toews           Nick Bonino              Mike Hoffman             35     1   2  2  
 3 Travis Zajac             Vladislav Namestnikov    Artem Anisimov           20     1   2  2  
 4 Nick Cousins             Gabriel Bourque          Riley Nash               5      1   2  2  

5 vs 5 Defense 
   Defense                  Defense                                           Time % Phy DF OF 
 1 Kris Letang              Ryan McDonagh                                     35     1   2  2  
 2 Zdeno Chara              Alex Goligoski                                    30     1   2  2  
 3 Johnny Boychuk           Josh Manson                                       25     1   2  2  
 4 Kris Letang              Ryan McDonagh                                     10     1   2  2  

PowerPlay Forward 
   Center                   Left Wing                Right Wing               Time % Phy DF OF 
 1 Mika Zibanejad           Matthew Tkachuk          Tyler Seguin             60     1   2  2  
 2 Jonathan Toews           Nick Bonino              Mike Hoffman             40     1   2  2  

PowerPlay Defense
   Defense                  Defense                                           Time % Phy DF OF 
 1 Kris Letang              Ryan McDonagh                                     60     1   2  2  
 2 Zdeno Chara              Alex Goligoski                                    40     1   2  2  

Penalty Kill 4 Players Forward 
   Center                   Wing                     Time % Phy DF OF 
 1 Mika Zibanejad           Jonathan Toews           60     1   2  2  
 2 Matthew Tkachuk          Tyler Seguin             40     1   2  2  

Penalty Kill 4 Players Defense
   Defense                  Defense                  Time % Phy DF OF 
 1 Kris Letang              Ryan McDonagh            60     1   2  2  
 2 Zdeno Chara              Alex Goligoski           40     1   2  2  

Penalty Kill - 3 Players Forward 
   Forward                                           Time % Phy DF OF 
 1 Mika Zibanejad                                    60     1   2  2  
 2 Jonathan Toews                                    40     1   2  2  

Penalty Kill - 3 Players Defense
   Defense                  Defense                  Time % Phy DF OF 
 1 Kris Letang              Ryan McDonagh            60     1   2  2  
 2 Zdeno Chara              Alex Goligoski           40     1   2  2  

4 vs 4 Forward 
   Center                   Wing                     Time % Phy DF OF 
 1 Mika Zibanejad           Jonathan Toews           60     1   2  2  
 2 Matthew Tkachuk          Tyler Seguin             40     1   2  2  

4 vs 4 Defense
   Defense                  Defense                  Time % Phy DF OF 
 1 Kris Letang              Ryan McDonagh            60     1   2  2  
 2 Zdeno Chara              Alex Goligoski           40     1   2  2  

Last Minutes Offensive
   Center                   Left Wing                Right Wing               Defense                  Defense                  
   Mika Zibanejad           Matthew Tkachuk          Tyler Seguin             Kris Letang              Ryan McDonagh            

Last Minutes Defensive
   Center                   Left Wing                Right Wing               Defense                  Defense                  
   Mika Zibanejad           Matthew Tkachuk          Tyler Seguin             Kris Letang              Ryan McDonagh            

Goaltenders
Starting : Antti Raanta             
Backup : Jaroslav Halak           

Extra Forwards
Normal : Tyler Seguin, Travis Zajac, Vladislav Namestnikov - PP : Tyler Seguin, Travis Zajac - PK : Vladislav Namestnikov
Extra Defensemen
Normal : Johnny Boychuk, Josh Manson, Zdeno Chara - PP : Johnny Boychuk - PK : Josh Manson, Zdeno Chara
Penalty Shots
Mika Zibanejad, Jonathan Toews, Tyler Seguin, Matthew Tkachuk, Mike Hoffman

Scratches
None

MINNESOTA

5 vs 5 Forward 
   Center                   Left Wing                Right Wing               Time % Phy DF OF 
 1 John Tavares             Kyle Connor              Nikita Kucherov          37     0   2  3  
 2 Tomas Hertl              Mats Zuccarello          Zach Hyman               33     1   2  2  
 3 Colin White              Tanner Pearson           Dominik Kahun            20     1   2  2  
 4 Johan Larsson            William Carrier          Matt Calvert             10     2   2  1  

5 vs 5 Defense 
   Defense                  Defense                                           Time % Phy DF OF 
 1 Mark Giordano            Erik Karlsson                                     38     1   2  2  
 2 Oliver Ekman-Larsson     Niklas Hjalmarsson                                27     1   2  2  
 3 Brett Kulak              Torey Krug                                        25     1   2  2  
 4 Torey Krug               Mark Giordano                                     10     0   2  3  

PowerPlay Forward 
   Center                   Left Wing                Right Wing               Time % Phy DF OF 
 1 John Tavares             Mats Zuccarello          Kyle Connor              60     0   0  5  
 2 Tomas Hertl              Zach Hyman               Tanner Pearson           40     1   0  4  

PowerPlay Defense
   Defense                  Defense                                           Time % Phy DF OF 
 1 Torey Krug               Nikita Kucherov                                   60     0   1  4  
 2 Erik Karlsson            Mark Giordano                                     40     1   1  3  

Penalty Kill 4 Players Forward 
   Center                   Wing                     Time % Phy DF OF 
 1 Johan Larsson            Matt Calvert             60     1   4  0  
 2 Tomas Hertl              Mats Zuccarello          40     1   3  1  

Penalty Kill 4 Players Defense
   Defense                  Defense                  Time % Phy DF OF 
 1 Mark Giordano            Erik Karlsson            60     1   3  1  
 2 Niklas Hjalmarsson       Brett Kulak              40     1   4  0  

Penalty Kill - 3 Players Forward 
   Forward                                           Time % Phy DF OF 
 1 Johan Larsson                                     60     1   4  0  
 2 Matt Calvert                                      40     1   4  0  

Penalty Kill - 3 Players Defense
   Defense                  Defense                  Time % Phy DF OF 
 1 Mark Giordano            Niklas Hjalmarsson       60     1   4  0  
 2 Oliver Ekman-Larsson     Mats Zuccarello          40     1   4  0  

4 vs 4 Forward 
   Center                   Wing                     Time % Phy DF OF 
 1 John Tavares             Nikita Kucherov          60     1   2  2  
 2 Tomas Hertl              Kyle Connor              40     1   1  3  

4 vs 4 Defense
   Defense                  Defense                  Time % Phy DF OF 
 1 Mark Giordano            Torey Krug               60     1   2  2  
 2 Oliver Ekman-Larsson     Erik Karlsson            40     1   2  2  

Last Minutes Offensive
   Center                   Left Wing                Right Wing               Defense                  Defense                  
   Tomas Hertl              Kyle Connor              Nikita Kucherov          Torey Krug               Erik Karlsson            

Last Minutes Defensive
   Center                   Left Wing                Right Wing               Defense                  Defense                  
   Tomas Hertl              Tanner Pearson           Matt Calvert             Mark Giordano            Niklas Hjalmarsson       

Goaltenders
Starting : Andrei Vasilevskiy       
Backup : Gilles Senn              

Extra Forwards
Normal : Tomas Hertl, Zach Hyman, Nikita Kucherov - PP : Zach Hyman, Nikita Kucherov - PK : Tomas Hertl
Extra Defensemen
Normal : Oliver Ekman-Larsson, Erik Karlsson, Mark Giordano - PP : Torey Krug - PK : Niklas Hjalmarsson, Mark Giordano
Penalty Shots
Nikita Kucherov, Mats Zuccarello, Kyle Connor, Tomas Hertl, Tanner Pearson

Scratches
MIN Cap Hit (Healthy)

% Time on Ice - LOS ANGELES

Lines # - Real PCT - Wanted PCT - Time Play
Normal Forward
1 - 32% - 40% - 15:39
2 - 28% - 35% - 13:27
3 - 26% - 20% - 12:42
4 - 14% - 5% - 6:52
Normal Defense
1 - 34% - 35% - 16:24
2 - 29% - 30% - 14:03
3 - 32% - 25% - 15:25
4 - 6% - 10% - 2:48
PP Forward
1 - 49% - 60% - 4:36
2 - 51% - 40% - 4:45
PP Defense
1 - 48% - 60% - 4:29
2 - 52% - 40% - 4:52
PK Forward
1 - 83% - 60% - 1:39
2 - 17% - 40% - 0:20
PK Defense
1 - 50% - 60% - 0:59
2 - 50% - 40% - 1:00
PK3 Forward
1 - 0% - 60%
2 - 0% - 40%
PK3 Defense
1 - 0% - 60%
2 - 0% - 40%
44 Forward
1 - 0% - 60%
2 - 0% - 40%
44 Defense
1 - 0% - 60%
2 - 0% - 40%
Last Minute Offensive  - 0:00
Last Minute Defensive  - 0:00
Total
Forward - 60:00
Defense - 60:00

% Time on Ice - MINNESOTA

Lines # - Real PCT - Wanted PCT - Time Play
Normal Forward
1 - 37% - 37% - 17:53
2 - 30% - 33% - 14:45
3 - 20% - 20% - 9:44
4 - 13% - 10% - 6:18
Normal Defense
1 - 34% - 38% - 16:36
2 - 33% - 27% - 16:05
3 - 26% - 25% - 12:43
4 - 7% - 10% - 3:16
PP Forward
1 - 40% - 60% - 0:48
2 - 60% - 40% - 1:11
PP Defense
1 - 50% - 60% - 0:59
2 - 50% - 40% - 1:00
PK Forward
1 - 72% - 60% - 6:46
2 - 28% - 40% - 2:35
PK Defense
1 - 68% - 60% - 6:24
2 - 32% - 40% - 2:57
PK3 Forward
1 - 0% - 60%
2 - 0% - 40%
PK3 Defense
1 - 0% - 60%
2 - 0% - 40%
44 Forward
1 - 0% - 60%
2 - 0% - 40%
44 Defense
1 - 0% - 60%
2 - 0% - 40%
Last Minute Offensive  - 0:00
Last Minute Defensive  - 0:00
Total
Forward - 60:00
Defense - 60:00

Play-by-Play

1st period


0:01 of 1st period - John Tavares wins face-off versus Mika Zibanejad in neutral zone.
0:16 of 1st period - Shot by Nikita Kucherov.
0:16 of 1st period - Stopped by Antti Raanta without a rebound.
0:17 of 1st period - Mats Zuccarello wins face-off versus Jonathan Toews in LOS ANGELES zone.
0:24 of 1st period - Shot by Mats Zuccarello.
0:24 of 1st period - Shot Misses the Net.
0:26 of 1st period - Shot by Mats Zuccarello.
0:26 of 1st period - Stopped by Antti Raanta without a rebound.
0:27 of 1st period - Travis Zajac wins face-off versus Colin White in LOS ANGELES zone.
0:27 of 1st period - Travis Zajac is hit by Colin White.
0:35 of 1st period - Tanner Pearson is hit by Travis Zajac and loses puck.
0:40 of 1st period - Shot by Travis Zajac.
0:40 of 1st period - Stopped by Andrei Vasilevskiy with a rebound.
0:42 of 1st period - Shot by Vladislav Namestnikov.
0:42 of 1st period - Shot Misses the Net.
0:44 of 1st period - Shot by Vladislav Namestnikov.
0:44 of 1st period - Stopped by Andrei Vasilevskiy without a rebound.
0:45 of 1st period - Tomas Hertl wins face-off versus Jonathan Toews in MINNESOTA zone.
1:01 of 1st period - Shot by Mike Hoffman.
1:01 of 1st period - Stopped by Andrei Vasilevskiy without a rebound.
1:02 of 1st period - Johan Larsson wins face-off versus Mika Zibanejad in MINNESOTA zone.
1:20 of 1st period - Johan Larsson is hit by Zdeno Chara.
1:22 of 1st period - Shot by Erik Karlsson.
1:22 of 1st period - Stopped by Antti Raanta without a rebound.
1:23 of 1st period - Nick Cousins wins face-off versus John Tavares in LOS ANGELES zone.
1:23 of 1st period - Nick Cousins is hit by Nikita Kucherov.
1:34 of 1st period - Kris Letang is hit by Brett Kulak.
1:36 of 1st period - Shot by Riley Nash.
1:36 of 1st period - Shot Misses the Net.
1:50 of 1st period - Shot by Nikita Kucherov.
1:50 of 1st period - Stopped by Antti Raanta without a rebound.
1:51 of 1st period - Jonathan Toews wins face-off versus Tomas Hertl in LOS ANGELES zone.
2:14 of 1st period - Shot by Jonathan Toews.
2:14 of 1st period - Shot Misses the Net.
2:50 of 1st period - Shot by Mika Zibanejad.
2:50 of 1st period - Stopped by Andrei Vasilevskiy without a rebound.
2:51 of 1st period - Travis Zajac wins face-off versus Colin White in MINNESOTA zone.
3:46 of 1st period - Mika Zibanejad is hit by Colin White and loses puck.
4:34 of 1st period - Off-side.
4:35 of 1st period - Tomas Hertl wins face-off versus Gabriel Bourque in neutral zone.
5:01 of 1st period - Shot by Nick Cousins.
5:01 of 1st period - Shot Misses the Net.
6:22 of 1st period - Matthew Tkachuk is hit by John Tavares and loses puck.
6:31 of 1st period - Shot by Tyler Seguin.
6:31 of 1st period - Stopped by Andrei Vasilevskiy with a rebound.
6:34 of 1st period - Icing by Niklas Hjalmarsson.
6:35 of 1st period - John Tavares wins face-off versus Travis Zajac in MINNESOTA zone.
7:52 of 1st period - Shot by William Carrier.
7:52 of 1st period - Shot Misses the Net.
7:56 of 1st period - Shot by Matt Calvert.
7:56 of 1st period - Shot Misses the Net.
8:06 of 1st period - Shot by Johan Larsson.
8:06 of 1st period - Shot Misses the Net.
8:10 of 1st period - Shot by Brett Kulak.
8:10 of 1st period - Shot Misses the Net.
9:33 of 1st period - Icing by Zdeno Chara.
9:34 of 1st period - Mika Zibanejad wins face-off versus Johan Larsson in LOS ANGELES zone.
9:45 of 1st period - Oliver Ekman-Larsson is hit by Matthew Tkachuk and loses puck.
10:32 of 1st period - Zdeno Chara is hit by John Tavares and loses puck.
10:36 of 1st period - Zdeno Chara is hit by Erik Karlsson and loses puck.
12:01 of 1st period - Artem Anisimov is hit by Brett Kulak and loses puck.
12:08 of 1st period - Shot by Colin White.
12:08 of 1st period - Shot Blocked by Kris Letang.
12:49 of 1st period - Shot by Zach Hyman.
12:49 of 1st period - Shot Blocked by Johnny Boychuk.
12:59 of 1st period - Shot by Niklas Hjalmarsson.
12:59 of 1st period - Stopped by Antti Raanta without a rebound.
13:00 of 1st period - Jonathan Toews wins face-off versus Johan Larsson in LOS ANGELES zone.
13:00 of 1st period - Zdeno Chara is hit by William Carrier and loses puck.
13:10 of 1st period - Mike Hoffman is hit by Oliver Ekman-Larsson and loses puck.
13:46 of 1st period - Brett Kulak is hit by Matthew Tkachuk and loses puck.
13:53 of 1st period - Shot by Zach Hyman.
13:53 of 1st period - Shot Misses the Net.
16:05 of 1st period - Shot by Zdeno Chara.
16:05 of 1st period - Stopped by Andrei Vasilevskiy with a rebound.
16:07 of 1st period - Shot by Nick Bonino.
16:07 of 1st period - Stopped by Andrei Vasilevskiy without a rebound.
16:08 of 1st period - Nick Cousins wins face-off versus Tomas Hertl in MINNESOTA zone.
16:57 of 1st period - Icing by Torey Krug.
16:58 of 1st period - John Tavares wins face-off versus Jonathan Toews in MINNESOTA zone.
17:49 of 1st period - Shot by Matthew Tkachuk.
17:49 of 1st period - Stopped by Andrei Vasilevskiy with a rebound.
17:51 of 1st period - Shot by Tyler Seguin.
17:51 of 1st period - Stopped by Andrei Vasilevskiy without a rebound.
17:52 of 1st period - Zach Hyman wins face-off versus Travis Zajac in MINNESOTA zone.
18:05 of 1st period - Shot by Tomas Hertl.
18:05 of 1st period - Deflect By Zach Hyman.
18:05 of 1st period - Shot Misses the Net.
18:25 of 1st period - Shot by Travis Zajac.
18:25 of 1st period - Shot Misses the Net.
18:49 of 1st period - Mika Zibanejad is hit by Colin White and loses puck.
19:30 of 1st period - Shot by Nick Bonino.
19:30 of 1st period - Stopped by Andrei Vasilevskiy without a rebound.
19:31 of 1st period - Riley Nash wins face-off versus John Tavares in MINNESOTA zone.
19:32 of 1st period - Shot by Kris Letang.
19:32 of 1st period - Deflect By Riley Nash.
19:32 of 1st period - Shot Misses the Net.
19:40 of 1st period - Shot by John Tavares.
19:40 of 1st period - Stopped by Antti Raanta with a rebound.
19:47 of 1st period - Riley Nash is hit by Brett Kulak and loses puck.
19:58 of 1st period - Shot by Nikita Kucherov.
19:58 of 1st period - Shot Misses the Net.
Goals for this period are 0 for LOS ANGELES vs 0 for MINNESOTA.
Shots for this period are 10 for LOS ANGELES vs 6 for MINNESOTA.

2nd period


0:01 of 2nd period - Nick Bonino wins face-off versus John Tavares in neutral zone.
0:03 of 2nd period - Minor Penalty to Mark Giordano for Hooking.
0:04 of 2nd period - Johan Larsson wins face-off versus Mika Zibanejad in MINNESOTA zone.
0:13 of 2nd period - Shot by Ryan McDonagh.
0:13 of 2nd period - Shot Blocked by Niklas Hjalmarsson.
0:17 of 2nd period - Shot by Matthew Tkachuk.
0:17 of 2nd period - Goal by Matthew Tkachuk - LOS ANGELES : 1 - MINNESOTA : 0.
0:18 of 2nd period - Jonathan Toews wins face-off versus John Tavares in neutral zone.
0:22 of 2nd period - Off-side.
0:23 of 2nd period - Jonathan Toews wins face-off versus John Tavares in neutral zone.
0:28 of 2nd period - Shot by Ryan McDonagh.
0:28 of 2nd period - Stopped by Andrei Vasilevskiy without a rebound.
0:29 of 2nd period - Jonathan Toews wins face-off versus John Tavares in MINNESOTA zone.
0:34 of 2nd period - Shot by Jonathan Toews.
0:34 of 2nd period - Stopped by Andrei Vasilevskiy without a rebound.
0:35 of 2nd period - John Tavares wins face-off versus Mika Zibanejad in MINNESOTA zone.
0:52 of 2nd period - Shot by Tyler Seguin.
0:52 of 2nd period - Stopped by Andrei Vasilevskiy with a rebound.
0:54 of 2nd period - Shot by Tyler Seguin.
0:54 of 2nd period - Shot Misses the Net.
1:10 of 2nd period - Shot by Tyler Seguin.
1:10 of 2nd period - Stopped by Andrei Vasilevskiy without a rebound.
1:10 of 2nd period - Minor Penalty to Andrei Vasilevskiy for Slashing.
1:11 of 2nd period - Johan Larsson wins face-off versus Jonathan Toews in MINNESOTA zone.
1:22 of 2nd period - Shot by Zdeno Chara.
1:22 of 2nd period - Stopped by Andrei Vasilevskiy with a rebound.
1:24 of 2nd period - Shot by Zdeno Chara.
1:24 of 2nd period - Shot Blocked by Niklas Hjalmarsson.
1:26 of 2nd period - Shot by Zdeno Chara.
1:26 of 2nd period - Shot Misses the Net.
1:28 of 2nd period - Shot by Mike Hoffman.
1:28 of 2nd period - Shot Misses the Net.
1:30 of 2nd period - Shot by Mike Hoffman.
1:30 of 2nd period - Stopped by Andrei Vasilevskiy without a rebound.
1:31 of 2nd period - Johan Larsson wins face-off versus Mika Zibanejad in MINNESOTA zone.
1:40 of 2nd period - Shot by Matthew Tkachuk.
1:40 of 2nd period - Stopped by Andrei Vasilevskiy without a rebound.
1:41 of 2nd period - Johan Larsson wins face-off versus Jonathan Toews in MINNESOTA zone.
2:01 of 2nd period - Shot by Alex Goligoski.
2:01 of 2nd period - Shot Misses the Net.
2:03 of 2nd period - Shot by Nick Bonino.
2:03 of 2nd period - Stopped by Andrei Vasilevskiy without a rebound.
2:04 of 2nd period - Mika Zibanejad wins face-off versus Johan Larsson in MINNESOTA zone.
2:13 of 2nd period - Shot by Matthew Tkachuk.
2:13 of 2nd period - Stopped by Andrei Vasilevskiy without a rebound.
2:14 of 2nd period - Mika Zibanejad wins face-off versus Tomas Hertl in MINNESOTA zone.
2:30 of 2nd period - Shot by Kris Letang.
2:30 of 2nd period - Shot Blocked by Niklas Hjalmarsson.
2:32 of 2nd period - Shot by Mika Zibanejad.
2:32 of 2nd period - Shot Misses the Net.
2:34 of 2nd period - Shot by Kris Letang.
2:34 of 2nd period - Stopped by Andrei Vasilevskiy without a rebound.
2:35 of 2nd period - Jonathan Toews wins face-off versus Mats Zuccarello in MINNESOTA zone.
3:49 of 2nd period - Shot by Tyler Seguin.
3:49 of 2nd period - Stopped by Andrei Vasilevskiy without a rebound.
3:50 of 2nd period - Travis Zajac wins face-off versus Colin White in MINNESOTA zone.
4:01 of 2nd period - Shot by Travis Zajac.
4:01 of 2nd period - Stopped by Andrei Vasilevskiy without a rebound.
4:02 of 2nd period - Jonathan Toews wins face-off versus Tomas Hertl in MINNESOTA zone.
4:08 of 2nd period - Minor Penalty to Mike Hoffman for Tripping.
4:09 of 2nd period - Jonathan Toews wins face-off versus Tomas Hertl in LOS ANGELES zone.
4:09 of 2nd period - Jonathan Toews is hit by Tomas Hertl.
4:23 of 2nd period - Shot by Torey Krug.
4:23 of 2nd period - Shot Blocked by Alex Goligoski.
4:25 of 2nd period - Shot by Tanner Pearson.
4:25 of 2nd period - Shot Blocked by Zdeno Chara.
4:27 of 2nd period - Shot by Nikita Kucherov.
4:27 of 2nd period - Stopped by Antti Raanta without a rebound.
4:28 of 2nd period - John Tavares wins face-off versus Mika Zibanejad in LOS ANGELES zone.
4:31 of 2nd period - Shot by Mats Zuccarello.
4:31 of 2nd period - Shot Misses the Net.
4:33 of 2nd period - Shot by Kyle Connor.
4:33 of 2nd period - Shot Misses the Net.
4:35 of 2nd period - Shot by Mark Giordano.
4:35 of 2nd period - Stopped by Antti Raanta without a rebound.
4:36 of 2nd period - John Tavares wins face-off versus Mika Zibanejad in LOS ANGELES zone.
4:43 of 2nd period - Mats Zuccarello is hit by Kris Letang and loses puck.
5:04 of 2nd period - Shot by Kyle Connor.
5:04 of 2nd period - Stopped by Antti Raanta without a rebound.
5:05 of 2nd period - Mika Zibanejad wins face-off versus Tomas Hertl in LOS ANGELES zone.
5:09 of 2nd period - Off-side.
5:10 of 2nd period - Mika Zibanejad wins face-off versus Tomas Hertl in neutral zone.
5:10 of 2nd period - Kris Letang is hit by Tanner Pearson and loses puck.
5:21 of 2nd period - Shot by Zach Hyman.
5:21 of 2nd period - Stopped by Antti Raanta with a rebound.
6:05 of 2nd period - Icing by Mats Zuccarello.
6:06 of 2nd period - John Tavares wins face-off versus Matthew Tkachuk in MINNESOTA zone.
7:04 of 2nd period - Icing by Kris Letang.
7:05 of 2nd period - Nick Cousins wins face-off versus Tomas Hertl in LOS ANGELES zone.
7:09 of 2nd period - Ryan McDonagh is hit by Zach Hyman.
7:22 of 2nd period - Icing by Kris Letang.
7:23 of 2nd period - John Tavares wins face-off versus Nick Cousins in LOS ANGELES zone.
7:39 of 2nd period - Riley Nash is hit by Brett Kulak and loses puck.
9:07 of 2nd period - Icing by Johnny Boychuk.
9:08 of 2nd period - Mika Zibanejad wins face-off versus Colin White in LOS ANGELES zone.
9:19 of 2nd period - Shot by Mika Zibanejad.
9:19 of 2nd period - Shot Misses the Net.
9:59 of 2nd period - Matthew Tkachuk is hit by William Carrier and loses puck.
11:07 of 2nd period - Zach Hyman is hit by Ryan McDonagh.
11:25 of 2nd period - Shot by Tomas Hertl.
11:25 of 2nd period - Stopped by Antti Raanta without a rebound.
11:26 of 2nd period - John Tavares wins face-off versus Jonathan Toews in LOS ANGELES zone.
11:33 of 2nd period - Shot by Nikita Kucherov.
11:33 of 2nd period - Stopped by Antti Raanta without a rebound.
11:34 of 2nd period - Jonathan Toews wins face-off versus John Tavares in LOS ANGELES zone.
12:25 of 2nd period - Off-side.
12:26 of 2nd period - Tomas Hertl wins face-off versus Mika Zibanejad in neutral zone.
12:31 of 2nd period - Icing by Johnny Boychuk.
12:32 of 2nd period - Tomas Hertl wins face-off versus Mika Zibanejad in LOS ANGELES zone.
13:32 of 2nd period - Icing by Johnny Boychuk.
13:33 of 2nd period - Mika Zibanejad wins face-off versus John Tavares in LOS ANGELES zone.
13:42 of 2nd period - Shot by Nikita Kucherov.
13:42 of 2nd period - Shot Blocked by Josh Manson.
13:44 of 2nd period - Shot by Torey Krug.
13:44 of 2nd period - Stopped by Antti Raanta without a rebound.
13:45 of 2nd period - Jonathan Toews wins face-off versus Colin White in LOS ANGELES zone.
13:50 of 2nd period - Oliver Ekman-Larsson is hit by Jonathan Toews and loses puck.
14:20 of 2nd period - Icing by Ryan McDonagh.
14:21 of 2nd period - Jonathan Toews wins face-off versus John Tavares in LOS ANGELES zone.
14:32 of 2nd period - Shot by Nikita Kucherov.
14:32 of 2nd period - Shot Blocked by Kris Letang.
14:34 of 2nd period - Shot by Kyle Connor.
14:34 of 2nd period - Deflect By Nikita Kucherov.
14:34 of 2nd period - Shot Blocked by Ryan McDonagh.
14:36 of 2nd period - Shot by John Tavares.
14:36 of 2nd period - Shot Blocked by Ryan McDonagh.
14:52 of 2nd period - Shot by Torey Krug.
14:52 of 2nd period - Stopped by Antti Raanta without a rebound.
14:53 of 2nd period - Travis Zajac wins face-off versus Tomas Hertl in LOS ANGELES zone.
15:24 of 2nd period - Shot by Artem Anisimov.
15:24 of 2nd period - Shot Misses the Net.
15:26 of 2nd period - Shot by Zdeno Chara.
15:26 of 2nd period - Stopped by Andrei Vasilevskiy without a rebound.
15:27 of 2nd period - John Tavares wins face-off versus Mika Zibanejad in MINNESOTA zone.
15:44 of 2nd period - Erik Karlsson is hit by Matthew Tkachuk.
16:50 of 2nd period - Icing by Torey Krug.
16:51 of 2nd period - Jonathan Toews wins face-off versus Tomas Hertl in MINNESOTA zone.
16:51 of 2nd period - Nick Bonino is hit by Brett Kulak and loses puck.
17:28 of 2nd period - Shot by Jonathan Toews.
17:28 of 2nd period - Stopped by Andrei Vasilevskiy without a rebound.
17:29 of 2nd period - Mika Zibanejad wins face-off versus Colin White in MINNESOTA zone.
17:40 of 2nd period - Shot by Dominik Kahun.
17:40 of 2nd period - Shot Blocked by Josh Manson.
17:42 of 2nd period - Shot by Tanner Pearson.
17:42 of 2nd period - Stopped by Antti Raanta without a rebound.
17:43 of 2nd period - Johan Larsson wins face-off versus Artem Anisimov in LOS ANGELES zone.
18:02 of 2nd period - Shot by Johan Larsson.
18:02 of 2nd period - Stopped by Antti Raanta without a rebound.
18:03 of 2nd period - John Tavares wins face-off versus Mika Zibanejad in LOS ANGELES zone.
18:04 of 2nd period - Shot by Nikita Kucherov.
18:04 of 2nd period - Shot Misses the Net.
18:22 of 2nd period - Shot by Matthew Tkachuk.
18:22 of 2nd period - Stopped by Andrei Vasilevskiy without a rebound.
18:23 of 2nd period - Tomas Hertl wins face-off versus Jonathan Toews in MINNESOTA zone.
18:23 of 2nd period - Mark Giordano is hit by Jonathan Toews.
18:45 of 2nd period - Shot by Mike Hoffman.
18:45 of 2nd period - Deflect By Jonathan Toews.
18:45 of 2nd period - Shot Blocked by Zach Hyman.
19:21 of 2nd period - Shot by Matthew Tkachuk.
19:21 of 2nd period - Stopped by Andrei Vasilevskiy without a rebound.
19:22 of 2nd period - Travis Zajac wins face-off versus Nikita Kucherov in MINNESOTA zone.
19:31 of 2nd period - Shot by Artem Anisimov.
19:31 of 2nd period - Stopped by Andrei Vasilevskiy with a rebound.
19:36 of 2nd period - Vladislav Namestnikov is hit by Torey Krug.
19:52 of 2nd period - Zdeno Chara is hit by Nikita Kucherov and loses puck.
Goals for this period are 1 for LOS ANGELES vs 0 for MINNESOTA.
Shots for this period are 18 for LOS ANGELES vs 10 for MINNESOTA.

3rd period


0:01 of 3rd period - Dominik Kahun wins face-off versus Mika Zibanejad in neutral zone.
0:03 of 3rd period - Torey Krug is hit by Kris Letang and loses puck.
0:12 of 3rd period - Shot by Matthew Tkachuk.
0:12 of 3rd period - Shot Blocked by Torey Krug.
0:14 of 3rd period - Shot by Mika Zibanejad.
0:14 of 3rd period - Deflect By Tyler Seguin.
0:14 of 3rd period - Shot Misses the Net.
0:24 of 3rd period - Shot by Matthew Tkachuk.
0:24 of 3rd period - Shot Misses the Net.
0:33 of 3rd period - Off-side.
0:34 of 3rd period - John Tavares wins face-off versus Jonathan Toews in neutral zone.
1:10 of 3rd period - Shot by Nick Bonino.
1:10 of 3rd period - Shot Blocked by Oliver Ekman-Larsson.
1:26 of 3rd period - Shot by Vladislav Namestnikov.
1:26 of 3rd period - Stopped by Andrei Vasilevskiy without a rebound.
1:27 of 3rd period - Matthew Tkachuk wins face-off versus Colin White in MINNESOTA zone.
1:32 of 3rd period - Shot by Mika Zibanejad.
1:32 of 3rd period - Shot Misses the Net.
1:42 of 3rd period - Shot by Dominik Kahun.
1:42 of 3rd period - Shot Misses the Net.
1:44 of 3rd period - Shot by Tanner Pearson.
1:44 of 3rd period - Shot Blocked by Kris Letang.
1:58 of 3rd period - Ryan McDonagh is hit by Tanner Pearson and loses puck.
2:27 of 3rd period - Icing by Kris Letang.
2:28 of 3rd period - Mika Zibanejad wins face-off versus Johan Larsson in LOS ANGELES zone.
2:28 of 3rd period - Mika Zibanejad is hit by Johan Larsson.
2:33 of 3rd period - Minor Penalty to Oliver Ekman-Larsson for Holding.
2:34 of 3rd period - Jonathan Toews wins face-off versus Johan Larsson in MINNESOTA zone.
3:46 of 3rd period - Shot by Ryan McDonagh.
3:46 of 3rd period - Stopped by Andrei Vasilevskiy with a rebound.
4:59 of 3rd period - Travis Zajac is hit by John Tavares and loses puck.
5:04 of 3rd period - Shot by Kyle Connor.
5:04 of 3rd period - Shot Misses the Net.
5:06 of 3rd period - Shot by Niklas Hjalmarsson.
5:06 of 3rd period - Shot Misses the Net.
5:08 of 3rd period - Shot by Kyle Connor.
5:08 of 3rd period - Shot Blocked by Josh Manson.
5:10 of 3rd period - Shot by Niklas Hjalmarsson.
5:10 of 3rd period - Shot Misses the Net.
6:39 of 3rd period - Icing by Mark Giordano.
6:40 of 3rd period - Jonathan Toews wins face-off versus Tanner Pearson in MINNESOTA zone.
6:43 of 3rd period - Shot by Mike Hoffman.
6:43 of 3rd period - Shot Misses the Net.
7:04 of 3rd period - Shot by Nick Bonino.
7:04 of 3rd period - Stopped by Andrei Vasilevskiy without a rebound.
7:05 of 3rd period - Mika Zibanejad wins face-off versus John Tavares in MINNESOTA zone.
7:10 of 3rd period - Shot by Mika Zibanejad.
7:10 of 3rd period - Shot Misses the Net.
7:12 of 3rd period - Shot by Mika Zibanejad.
7:12 of 3rd period - Shot Blocked by Kyle Connor.
7:14 of 3rd period - Shot by Mika Zibanejad.
7:14 of 3rd period - Shot Blocked by Niklas Hjalmarsson.
7:20 of 3rd period - Shot by Matthew Tkachuk.
7:20 of 3rd period - Deflect By Mika Zibanejad.
7:20 of 3rd period - Stopped by Andrei Vasilevskiy without a rebound.
7:21 of 3rd period - Jonathan Toews wins face-off versus Matt Calvert in MINNESOTA zone.
9:25 of 3rd period - Minor Penalty to Oliver Ekman-Larsson for Hooking.
9:26 of 3rd period - Johan Larsson wins face-off versus Jonathan Toews in MINNESOTA zone.
9:47 of 3rd period - Shot by Kris Letang.
9:47 of 3rd period - Stopped by Andrei Vasilevskiy without a rebound.
9:48 of 3rd period - Mika Zibanejad wins face-off versus Johan Larsson in MINNESOTA zone.
10:03 of 3rd period - Shot by Tyler Seguin.
10:03 of 3rd period - Shot Misses the Net.
10:43 of 3rd period - Shot by Ryan McDonagh.
10:43 of 3rd period - Shot Misses the Net.
11:02 of 3rd period - Shot by Kris Letang.
11:02 of 3rd period - Stopped by Andrei Vasilevskiy without a rebound.
11:03 of 3rd period - William Carrier wins face-off versus Mika Zibanejad in MINNESOTA zone.
13:24 of 3rd period - Shot by Tomas Hertl.
13:24 of 3rd period - Stopped by Antti Raanta without a rebound.
13:25 of 3rd period - John Tavares wins face-off versus Mika Zibanejad in LOS ANGELES zone.
13:34 of 3rd period - Icing by Tyler Seguin.
13:35 of 3rd period - Mika Zibanejad wins face-off versus Johan Larsson in LOS ANGELES zone.
13:42 of 3rd period - Brett Kulak is hit by Matthew Tkachuk and loses puck.
13:55 of 3rd period - Shot by Mika Zibanejad.
13:55 of 3rd period - Stopped by Andrei Vasilevskiy without a rebound.
13:56 of 3rd period - Nick Cousins wins face-off versus Tomas Hertl in MINNESOTA zone.
13:58 of 3rd period - Minor Penalty to Mark Giordano for Holding.
13:59 of 3rd period - Johan Larsson wins face-off versus Mika Zibanejad in MINNESOTA zone.
14:39 of 3rd period - Icing by Mika Zibanejad.
14:40 of 3rd period - Mika Zibanejad wins face-off versus Johan Larsson in LOS ANGELES zone.
15:10 of 3rd period - Zdeno Chara is hit by Matt Calvert and loses puck.
15:43 of 3rd period - Shot by Mats Zuccarello.
15:43 of 3rd period - Shot Misses the Net.
16:04 of 3rd period - Off-side.
16:05 of 3rd period - John Tavares wins face-off versus Travis Zajac in neutral zone.
16:12 of 3rd period - Icing by Artem Anisimov.
16:13 of 3rd period - John Tavares wins face-off versus Travis Zajac in LOS ANGELES zone.
16:13 of 3rd period - Nikita Kucherov is hit by Josh Manson and loses puck.
16:24 of 3rd period - Shot by Nikita Kucherov.
16:24 of 3rd period - Shot Misses the Net.
16:47 of 3rd period - Johnny Boychuk is hit by John Tavares and loses puck.
17:20 of 3rd period - Shot by Tomas Hertl.
17:20 of 3rd period - Stopped by Antti Raanta without a rebound.
17:21 of 3rd period - Jonathan Toews wins face-off versus Colin White in LOS ANGELES zone.
18:21 of 3rd period - Dominik Kahun is hit by Matthew Tkachuk.
18:48 of 3rd period - Minor Penalty to Oliver Ekman-Larsson for Hooking.
18:49 of 3rd period - Mika Zibanejad wins face-off versus Johan Larsson in MINNESOTA zone.
19:12 of 3rd period - Shot by Tyler Seguin.
19:12 of 3rd period - Stopped by Andrei Vasilevskiy without a rebound.
19:13 of 3rd period - Johan Larsson wins face-off versus Nick Bonino in MINNESOTA zone.
19:30 of 3rd period - Shot by Kris Letang.
19:30 of 3rd period - Stopped by Andrei Vasilevskiy without a rebound.
19:31 of 3rd period - Matthew Tkachuk wins face-off versus Johan Larsson in MINNESOTA zone.
19:36 of 3rd period - Shot by Mika Zibanejad.
19:36 of 3rd period - Shot Misses the Net.
19:38 of 3rd period - Shot by Ryan McDonagh.
19:38 of 3rd period - Shot Misses the Net.
Goals for this period are 0 for LOS ANGELES vs 0 for MINNESOTA.
Shots for this period are 9 for LOS ANGELES vs 2 for MINNESOTA.